 Dungeon Crawl Stone Soup version 0.22.1-1-ga44c0e56f4 (webtiles) character file.

15178 Sverke the Basher (level 12, -2/79 HPs)
             Began as a Gargoyle Monk on Oct 17, 2018.
             Was an Elder of Ashenzari.
             Shot with a bolt by a yaktaur (8 damage)
             ... in a volcano.
             The game lasted 00:23:19 (13016 turns).

Sverke the Basher (Gargoyle Monk)                  Turns: 13016, Time: 00:23:20

Health: -2/79      AC: 35    Str: 20    XL:     12   Next: 24%
Magic:  12/12      EV:  9    Int: 11    God:    Ashenzari [****..]
Gold:   592        SH:  0    Dex: 16    Spells: 11/11 levels left

rFire    + . .     SeeInvis +   x - +2 whip (flame)
rCold    . . .     Gourm    .   (no shield)
rNeg     + . .     Faith    .   B - +1 plate armour {rC+} (curse)
rPois    ∞         Spirit   .   s - +0 helmet (curse)
rElec    +         Reflect  .   K - +2 cloak (curse)
rCorr    .         Harm     .   (no gloves)
MR       .....     Clarity  +   l - +2 pair of boots (curse)
Stlth    ..........             (no amulet)
HPRegen  0.23/turn              u - +4 ring of dexterity
MPRegen  0.13/turn              H - ring of fire

@: no status effects
A: negative energy resistance 1, electricity resistance, unbreathing,
petrification resistance, rot immunity, AC +8
a: Curse Item, Scrying, Renounce Religion


You were in a volcano.
You worshipped Ashenzari.
Ashenzari was greatly pleased with you.
You were not hungry.

You visited 3 branches of the dungeon, and saw 13 of its levels.
You also visited: Volcano.

You collected 592 gold pieces.

Inventory:

Hand Weapons
 x - a +2 whip of flaming (weapon)
Armour
 l - a cursed +2 pair of boots (worn)
 s - a cursed +0 helmet (worn)
 B - a cursed +1 plate armour of cold resistance (worn)
 K - a cursed +2 cloak (worn)
Jewellery
 b - an uncursed ring of see invisible
 u - a +4 ring of dexterity (left hand)
 z - an uncursed ring of flight
 H - a ring of fire (right hand)
Wands
 A - a wand of flame (25)
 I - a wand of disintegration (6)
 J - a wand of acid (12)
Scrolls
 a - 3 scrolls of magic mapping {unknown}
 e - 2 scrolls of teleportation
 f - 13 scrolls of identify {unknown}
 k - a scroll of blinking {unknown}
 m - 4 scrolls of remove curse
 n - 5 scrolls of immolation
 t - 2 scrolls of amnesia {unknown}
 v - a scroll of vulnerability {unknown}
 w - a scroll of enchant armour {unknown}
 y - a scroll of fog {unknown}
 F - 2 scrolls of noise {unknown}
 G - 2 scrolls of enchant weapon {unknown}
Potions
 d - 3 potions of degeneration
 g - 2 potions of might {unknown}
 h - a potion of resistance
 i - 8 potions of curing
 j - a potion of agility {unknown}
 o - a potion of heal wounds
 p - 2 potions of mutation {unknown}
 q - 2 potions of magic {unknown}
 r - a potion of cancellation {unknown}
 C - a potion of ambrosia {unknown}
 D - a potion of brilliance {unknown}
Comestibles
 c - 19 rations


   Skills:
 + Level 10.7 Fighting
 + Level 13.1 Maces & Flails
 + Level 10.7(13.9) Armour
 - Level 4.4 Dodging
 - Level 3.5 Stealth


You had 11 spell levels left.
You didn't know any spells.
Your spell library contained the following spells:

 Spells                   Type           Power        Failure   Level  Hunger
 Corona                   Hex            #......      99%         1    ##.....
 Magic Dart               Conj           #...         99%         1    ##.....
 Blink                    Tloc           N/A          100%        2    ###....
 Call Imp                 Summ           #.......     100%        2    ###....
 Ensorcelled Hibernation  Hex/Ice        #.....       100%        2    ###....
 Searing Ray              Conj           #.....       100%        2    ###....
 Slow                     Hex            #.......     100%        2    ###....
 Confuse                  Hex            #.......     100%        3    ####...
 Conjure Flame            Conj/Fire      #.......     100%        3    ####...
 Dazzling Spray           Conj/Hex       #.....       100%        3    ####...
 Mephitic Cloud           Conj/Pois/Air  #.......     100%        3    ####...
 Tukima's Dance           Hex            #.......     100%        3    ####...
 Force Lance              Conj/Tloc      #.......     100%        4    #####..
 Fulminant Prism          Conj/Hex       #.........   100%        4    #####..
 Iskenderun's Mystic Bla  Conj           #.......     100%        4    #####..


Dungeon Overview and Level Annotations

Branches:
Dungeon (11/15)            Temple (1/1) D:6            Lair (1/6) D:10
    Orc: D:9-12

Altars:
Ashenzari
Hepliaklqana
Makhleb
Nemelex Xobeh
Qazlal
Ru
Sif Muna
Uskayaw
Vehumet
Xom

Annotations:
D:9 3 runed doors, Azzok's ghost, novice DsEE; Cykl0x's ghost, novice GrBe; Kaderl's ghost, novice HOFi


Innate Abilities, Weirdness & Mutations

You are resistant to torment.
Your stone body is resilient. (AC +8)
You are immune to poison.
You resist negative energy. (rN+)
You are resistant to electric shocks. (rElec)
You can survive without breathing.
You are immune to petrification.
You are immune to rotting.


Message History

The yaktaur hits you but does no damage.
You hit the yaktaur but do no damage.
The yaktaur is heavily wounded.
The hell knight hits you from afar with a halberd of flaming!
* * * LOW HITPOINT WARNING * * *
The hell knight burns you.
* * * LOW HITPOINT WARNING * * *
The yaktaur hits you but does no damage.
You hit the yaktaur but do no damage.
The yaktaur is heavily wounded.
The yaktaur hits you.
* * * LOW HITPOINT WARNING * * *
The yaktaur wields an uncursed arbalest of flaming.
It bursts into flame!
The yaktaur shoots a bolt.
The bolt hits you!
* * * LOW HITPOINT WARNING * * *
The bolt burns you.
* * * LOW HITPOINT WARNING * * *
The yaktaur wields an uncursed arbalest of flaming.
It bursts into flame!
The yaktaur shoots a bolt.
The bolt hits you!
You die...

* ≈ ≈ ≈≈ **≈ ≈
#######≈≈≈ ≈# * ≈ ≈
#$$)!$###≈≈≈** * ≈
,#.$.[.#.##≈ # ≈≈≈
* ,+.!.$.'..# ≈## ≈
≈≈
*,,+.._..'..##≈§≈#
* * ≈≈≈ ≈
,,#.....#...#§≈§§≈≈
* ≈ ≈* ,
#######cp.#≈≈≈§≈≈
≈≈≈*,
,+$$.!@(c..#≈≈§≈ ≈
≈≈ ≈ ,
#..≈..#(..#≈§≈§ *
*≈≈ #8≈≈≈8#(..#≈§§≈
≈≈≈ * ,+..≈..'..##≈
§§ ≈≈≈ ,+....(((.#
≈≈ ≈§ {#8..(8#.##≈≈
* §§###...((###≈§
**
≈§≈≈≈..(.§§≈≈§§§#
*#≈§≈§8...8§§≈≈§≈#


You could see a hell knight and 2 yaktaurs.

Vanquished Creatures
  Harold (D:7)
  3 hydras
  Erica (D:8)
  3 two-headed ogres
  A centaur warrior (Volcano)
  Nergalle (D:10)
  Pikel (D:6)
  Maurice (D:10)
  Psyche (D:8)
  2 spiny frogs (Lair:1)
  3 trolls
  Prince Ribbit (D:8)
  2 hippogriffs
  A vampire (D:10)
  A wyvern (D:10)
  3 fire bats (Lair:1)
  Grum (D:8)
  2 wargs (D:10)
  5 sky beasts
  2 black bears
  6 orc warriors
  2 ice beasts
  A phantom (D:7)
  A necrophage (D:11)
  2 wolves (D:7)
  2 ogres
  2 centaurs
  A crocodile (D:10)
  A big kobold (D:9)
  6 bullfrogs
  3 scorpions (D:9)
  5 killer bees (D:9)
  8 wights
  A howler monkey (D:7)
  An electric eel (D:10)
  2 crimson imps
  A bullfrog zombie (D:11)
  2 centaur zombies
  A quasit (D:8)
  A bullfrog skeleton (D:5)
  2 jellies
  4 hounds
  8 orc priests
  A centaur skeleton (D:4)
  An iguana (D:10)
  15 orc wizards
  2 worker ants
  A howler monkey zombie (D:7)
  A worker ant zombie (D:5)
  4 gnolls
  9 adders
  A shadow imp (D:5)
  2 oozes (D:2)
  An adder zombie (D:5)
  3 worms
  2 dart slugs (D:3)
  3 leopard geckos
  40 orcs
  4 ball pythons
  4 giant cockroaches
  4 goblins
  2 hobgoblins
  4 jackals (D:8)
  4 quokkas
  3 bats
  4 frilled lizards
  7 kobolds
  A quokka skeleton (D:4)
  2 rats
224 creatures vanquished.

Vanquished Creatures (others)
  A centaur (Volcano)
  4 withered plants (D:9)
5 creatures vanquished.

Grand Total: 229 creatures vanquished

Notes
Turn   | Place    | Note
-------+----------+-------------------------------------------
     0 | D:1      | Sverke the Gargoyle Monk began the quest for the Orb.
     0 | D:1      | Reached XP level 1. HP: 14/14 MP: 1/1
   100 | D:1      | Reached XP level 2. HP: 7/19 MP: 2/2
   935 | D:2      | Reached XP level 3. HP: 15/23 MP: 3/3
  1207 | D:2      | Found a hazy altar of Hepliaklqana.
  1207 | D:2      | Found a hide-covered altar of Uskayaw.
  1298 | D:2      | Reached XP level 4. HP: 29/29 MP: 4/4
  1451 | D:3      | Found a shattered altar of Ashenzari.
  1457 | D:3      | Became a worshipper of Ashenzari the Shackled
  1457 | D:3      | Reached * piety under Ashenzari
  1457 | D:3      | Reached ** piety under Ashenzari
  2270 | D:3      | Reached skill level 4 in Maces & Flails
  2419 | D:4      | Reached XP level 5. HP: 33/33 MP: 5/5
  2840 | D:4      | Reached XP level 6. HP: 32/38 MP: 6/6
  2857 | D:4      | Reached skill level 1 in Armour
  3212 | D:4      | Found a sacrificial altar of Ru.
  3342 | D:5      | Entered Level 5 of the Dungeon
  3367 | D:5      | Reached skill level 5 in Maces & Flails
  3639 | D:5      | Noticed a sky beast
  3650 | D:5      | Killed a sky beast
  3650 | D:5      | Reached XP level 7. HP: 44/44 MP: 7/7
  4194 | D:5      | Reached skill level 6 in Maces & Flails
  4304 | D:5      | Reached skill level 5 in Fighting
  4622 | D:6      | Reached XP level 8. HP: 46/49 MP: 8/8
  4667 | D:6      | Noticed Pikel
  4712 | D:6      | Killed Pikel
  4712 | D:6      | Reached skill level 7 in Maces & Flails
  4977 | D:6      | Reached skill level 8 in Maces & Flails
  5150 | D:6      | Found a staircase to the Ecumenical Temple.
  5261 | Temple   | Entered the Ecumenical Temple
  5305 | D:6      | Reached XP level 9. HP: 55/55 MP: 9/9
  5912 | D:7      | Noticed Harold
  5942 | D:7      | Killed Harold
  5942 | D:7      | Reached skill level 9 in Maces & Flails
  5942 | D:7      | Reached skill level 5 in Armour
  6542 | D:7      | Reached *** piety under Ashenzari
  6793 | D:8      | Noticed a two-headed ogre
  7082 | D:8      | Noticed Grum
  7082 | D:8      | Noticed Prince Ribbit
  7083 | D:8      | Noticed Psyche
  7101 | D:7      | Reached skill level 10 in Maces & Flails
  7110 | D:7      | Reached XP level 10. HP: 63/64 MP: 10/10
  7258 | D:9      | Found a radiant altar of Vehumet.
  7568 | D:9      | Found a burning altar of Makhleb.
  7715 | D:9      | Found a runed gate.
  7716 | D:9      | Found a runed gate.
  7716 | D:9      | Found a runed gate.
  7717 | D:9      | Noticed Azzok's ghost (novice DsEE)
  7718 | D:9      | Noticed Cykl0x's ghost (novice GrBe)
  7718 | D:9      | Noticed Kaderl's ghost (novice HOFi)
  8524 | D:8      | Killed a two-headed ogre
  8524 | D:8      | Reached skill level 11 in Maces & Flails
  8631 | D:8      | Killed Prince Ribbit
  8666 | D:8      | Noticed Erica
  8696 | D:8      | Killed Erica
  8717 | D:8      | Killed Grum
  8817 | D:8      | Killed Psyche
  8868 | D:8      | Found a sparkling altar of Nemelex Xobeh.
  8907 | D:8      | Found a deep blue altar of Sif Muna.
  9016 | D:8      | Reached XP level 11. HP: 49/69 MP: 11/11
  9220 | D:10     | Entered Level 10 of the Dungeon
  9240 | D:10     | Reached skill level 12 in Maces & Flails
  9575 | D:10     | Noticed a two-headed ogre
  9589 | D:10     | Killed a two-headed ogre
  9632 | D:10     | Found a staircase to the Lair.
  9881 | D:10     | Noticed a two-headed ogre
  9899 | D:10     | Killed a two-headed ogre
 10425 | D:10     | Noticed Maurice
 10712 | D:10     | Killed Maurice
 10889 | D:10     | Noticed Nergalle
 10942 | D:10     | Killed Nergalle
 11461 | D:11     | Noticed a seven-headed hydra
 11493 | D:11     | Killed a seven-headed hydra
 11493 | D:11     | Reached skill level 10 in Fighting
 12115 | D:11     | Noticed a manticore
 12116 | D:11     | Reached **** piety under Ashenzari
 12117 | D:11     | Noticed a manticore
 12117 | D:11     | Noticed a red ugly thing
 12342 | Lair:1   | Entered Level 1 of the Lair of Beasts
 12401 | Lair:1   | Reached skill level 10 in Armour
 12406 | Lair:1   | Found a burning altar of Makhleb.
 12622 | Lair:1   | Noticed a six-headed hydra
 12640 | Lair:1   | Killed a six-headed hydra
 12640 | Lair:1   | Reached skill level 13 in Maces & Flails
 12640 | Lair:1   | Reached XP level 12. HP: 21/78 MP: 12/12
 12672 | Lair:1   | Noticed a five-headed hydra
 12688 | Lair:1   | Killed a five-headed hydra
 12714 | Lair:1   | HP: 3/79 [fire bat (4)]
 12733 | Lair:1   | Found a dark tunnel.
 12757 | Volcano  | Entered a volcano
 12982 | Volcano  | Noticed a centaur warrior
 12986 | Volcano  | Found a burning altar of Makhleb.
 13007 | Volcano  | Killed a centaur warrior
 13016 | Volcano  | Shot with a bolt by a yaktaur

Skill      XL: |  1  2  3  4  5  6  7  8  9 10 11 |
---------------+----------------------------------+-----
Dodging        | 3 4 |  4.4
Maces & Flails | 4 5 6 8 10 11 13 | 13.1
Stealth        | 3 |  3.5
Fighting       | 4 5 6 7 8 10 | 10.7
Armour         | 1 2 4 5 7 10 | 10.7

Action                   |  1- 3 |  4- 6 |  7- 9 | 10-12 || total
-------------------------+-------+-------+-------+-------++-------
Melee: Mace              |    87 |   171 |   154 |       ||   412
       Whip              |       |       |   310 |  1082 ||  1392
Invok: Curse Item        |       |       |     1 |     3 ||     4
  Use: Potion            |       |       |     1 |     5 ||     6
       Scroll            |       |       |       |     2 ||     2
 Stab: Sleeping          |     5 |     3 |       |       ||     8
  Eat: Chunk             |     1 |     8 |    10 |     8 ||    27
       Ration            |       |       |     1 |     3 ||     4
Armor: Robe              |    22 |    13 |       |       ||    35
       Ring mail         |       |    68 |    36 |       ||   104
       Plate armour      |       |       |   214 |   697 ||   911
Dodge: Dodged            |    68 |   104 |   145 |   350 ||   667
